 Dungeon Crawl Stone Soup version 0.29.0-5-ge4962eb29e (webtiles) character file.

Game seed: 9288690353315134008

403 Arcadio the Ducker (level 6, -6/49 HPs)
             Began as a Barachi Arcane Marksman on Aug 28, 2022.
             Was a Follower of Zin.
             Mangled by a mummy (11 damage)
             ... in an ossuary.
             The game lasted 00:24:32 (5861 turns).

Arcadio the Ducker (Barachi Arcane Marksman)        Turns: 5861, Time: 00:24:33

Health: -6/49      AC:  5    Str: 14    XL:     6   Next: 86%
Magic:  16/16      EV: 14    Int: 17    God:    Zin [*.....]
Gold:   82         SH:  0    Dex: 18    Spells: 0/7 levels left

rFire   . . .      SeeInvis .   b - +1 short sword (protect)
rCold   . . .      Faith    .   (no shield)
rNeg    . . .      Spirit   .   t - +2 leather armour "Luw Cym" {Int+4}
rPois   .          Reflect  .   (no helmet)
rElec   .          Harm     .   (no cloak)
rCorr   .          Rampage  .   (no gloves)
Will    .....                   (no boots)
Stlth   +.........              (no amulet)
HPRegen 0.16/turn               j - ring of magical power
MPRegen 0.15/turn               n - +6 ring of dexterity

@: unable to hop, on recite cooldown, slow
A: amphibious, slowness 1, strong legs 1, +LOS
a: Hop, Renounce Religion, Recite, Donate Gold


You were in an ossuary.
You worshipped Zin.
Zin was aware of your devotion.
You visited 2 branches of the dungeon, and saw 6 of its levels.
You also visited: Ossuary.

You collected 313 gold pieces.
You spent 222 gold pieces at shops.
You donated 9 gold pieces to Zin.

Inventory:

Hand Weapons
 a - a +1 sling
 b - a +1 short sword of protection (weapon)
 q - a +2 dagger of venom
Armour
 c - a +0 robe
 i - a +0 buckler
 t - the +2 leather armour "Luw Cym" (worn) {Int+4}
   (You bought it in a shop on level 4 of the Dungeon)

   Int:       It affects your intelligence (+4).
Jewellery
 j - a ring of magical power (left hand)
 n - a +6 ring of dexterity (right hand)
Wands
 r - a wand of paralysis (6)
Scrolls
 e - a scroll of identify
 h - 2 scrolls of poison
 m - a scroll of teleportation {unknown}
 s - a scroll of fear {unknown}
Potions
 g - 2 potions of haste
 k - a potion of lignification
 l - 3 potions of resistance
 o - a potion of invisibility {unknown}
 p - 4 potions of heal wounds {unknown}


   Skills:
 + Level 4.7 Fighting
 + Level 4.3 Ranged Weapons
 + Level 4.8 Dodging
 - Level 1.1 Spellcasting
 - Level 3.2 Hexes


You couldn't memorise any spells.
You knew the following spells:

 Your Spells              Type           Power      Damage    Failure   Level
a - Slow                  Hex            48%        N/A       7%          1
b - Inner Flame           Hex/Fire       6%         N/A       38%         3
c - Portal Projectile     Hex/Tloc       12%        N/A       38%         3

Your spell library contained the following spells:

 Spells                   Type           Power      Damage    Failure   Level
 Cause Fear               Hex            6%         N/A       56%         4
 Ozocubu's Armour         Ice            0%         N/A       63%         3
 Ozocubu's Refrigeration  Ice            0%         4d7       100%        7


Dungeon Overview and Level Annotations

Branches:
Dungeon (5/15) Zot: 23907  Temple (1/1) D:5 Zot: 5915 Ossuary (1/1) Zot: 5669

Altars:
Ashenzari
Hepliaklqana
Kikubaaqudgha
Makhleb
Okawaru
Qazlal
Ru
Sif Muna
Vehumet
Wu Jian
Yredelemnul
Zin
The Shining One

Shops:
D:1 !   D:4 [


Innate Abilities, Weirdness & Mutations

You are amphibious.
You cover ground slowly.
You can hop short distances.
You have an extended range of vision and can be seen from far away.


Message History

Press: ? - help, Dir - look around, f - activate Look: a mummy You clear your throat and prepare to recite. "Damned, damned be the heretics and..."
The mummy is smitten by the wrath of Zin.
You destroy the mummy!
Zin accepts your kill. "...all else who abandon faithfulness!
Let them..." "...be smitten by the jurisprudence of Zin!"
You finish reciting Apostates 8:20.
You are ready to recite again.
The mummy hits you!
* * * LOW HITPOINT WARNING * * *
Activating: Recite (11% risk of failure)
Press: ? - help, Dir - look around, f - activate You clear your throat and prepare to recite. "And lo, the wrath of Zin did find..."
The mummy is smitten by the wrath of Zin.
The mummy is severely damaged. "...them wherever they hid, and the forces of darkness..." "...were condemned for their blasphemy!"
You finish reciting Anathema 15:36.
You are ready to recite again.
Activating: Recite (11% risk of failure)
Press: ? - help, Dir - look around, f - activate You clear your throat and prepare to recite. "Zin descended from on high in a silver chariot..." "...to condemn the fetid masses for their..." "...uncleanliness, and thus judgement was rendered."
You finish reciting Ablutions 26:7.
You hit the mummy.
Your weapon exudes an aura of protection.
The mummy is lightly damaged.
The mummy hits you!
* * * LOW HITPOINT WARNING * * *
The mummy barely misses you.
There is an empty arch of ancient stone here.
There is a gate leading back out of this place here.
The mummy hits you!
You die...

##....##
#....#
#....#
#....#
#..M.#
#....#
#.M..#
#..M.#
#.∩@.#
######


You could see 3 mummies.

Vanquished Creatures
  A phantom (D:4)
  A jelly (D:4)
  2 orc priests (D:5)
  5 mummies (Ossuary)
  4 gnolls (D:1)
  2 adders
  3 worms
  4 dart slugs
  6 orcs
  10 ball pythons
  4 bats
  4 endoplasms
  A giant cockroach (D:1)
  8 goblins
  10 hobgoblins
  A quokka (D:2)
  2 frilled lizards
  2 gnoll zombies (Ossuary)
  2 hobgoblin zombies (Ossuary)
  4 kobolds
  4 kobold zombies (Ossuary)
  10 rats
90 creatures vanquished.

Vanquished Creatures (others)
  An orc wizard (D:3)
  4 plants (D:2)
5 creatures vanquished.

Grand Total: 95 creatures vanquished

Notes
Turn   | Place    | Note
-------+----------+-------------------------------------------
     0 | D:1      | Arcadio the Barachi Arcane Marksman began the quest for the
                  | Orb.
     0 | D:1      | Reached XP level 1. HP: 15/15 MP: 2/2
   111 | D:1      | Found a faded altar of an unknown god.
   142 | D:1      | Reached XP level 2. HP: 22/22 MP: 3/3
   479 | D:1      | Found Higraidass's Distillery.
   482 | D:1      | Bought a potion of degeneration for 10 gold pieces
   487 | D:1      | Bought a potion of curing for 30 gold pieces
   600 | D:2      | Reached XP level 3. HP: 11/27 MP: 4/4
  1683 | D:1      | Reached XP level 4. HP: 19/34 MP: 5/5
  3068 | D:2      | Learned a level 3 spell: Inner Flame
  3770 | D:3      | Reached XP level 5. HP: 41/41 MP: 6/6
  4412 | D:4      | Noticed a phantom
  4434 | D:4      | Killed a phantom
  4435 | D:4      | Reached XP level 6. HP: 28/48 MP: 7/7
  4764 | D:4      | Found Bidic's Antique Armour Emporium.
  4773 | D:4      | Bought a fine leather armour for 182 gold pieces
  4773 | D:4      | Identified the +2 leather armour "Luw Cym" {Int+4} (You
                  | bought it in a shop on level 4 of the Dungeon)
  4787 | D:4      | Learned a level 3 spell: Portal Projectile
  5083 | D:5      | Entered Level 5 of the Dungeon
  5091 | D:5      | Found a staircase to the Ecumenical Temple.
  5101 | Temple   | Entered the Ecumenical Temple
  5158 | Temple   | Became a worshipper of Zin the Law-Giver
  5490 | D:5      | Reached * piety under Zin
  5561 | D:5      | Found a sand-covered staircase.
  5571 | Ossuary  | Entered an ossuary
  5861 | Ossuary  | Mangled by a mummy

Illustrated notes

Levels and vault maps discovered:
D:1:      giann_wishing_wells, layout_basic,
          chequers_ecumenical_altar_simple_redux, serial_shops,
          nicolae_shop_behind_doors
D:2:      layout_loops_cross, chequers_serial_rivers_small_3,
          serial_bayou_lagoon_b
D:3:      layout_loops_ring, serial_park_tiny_2, kennysheep_doodads,
          kennysheep_generic_room_5
D:4:      layout_cave_pools, serial_shops,
          nicolae_shop_temple_entry_statues_fountains
D:5:      layout_basic, temple_statues, lightli_ossuary_entry_decrepit_ruins,
          minivault_5
Temple:   nicolae_temple_ecumenical_triangle
Ossuary:  ossuary_tomb_3

Skill      XL: |  1  2  3  4  5  6 |
---------------+-------------------+-----
Fighting       | 2 3 4 |  4.7
Dodging        | 3 4 |  4.8
Ranged Weapons | 3 4 |  4.3
Spellcasting   | |  1.1
Hexes          | |  3.2

Action                   |  1- 3 |  4- 6 || total
-------------------------+-------+-------++-------
Melee: Short sword       |    31 |   147 ||   178
       Punch             |       |     4 ||     4
 Fire: Sling             |   118 |    71 ||   189
Throw: Throwing net      |       |     2 ||     2
 Cast: Slow              |     5 |     7 ||    12
Invok: Recite            |       |     7 ||     7
 Abil: Hop               |     2 |     5 ||     7
Evoke: Wand              |       |     2 ||     2
  Use: Scroll            |     2 |     3 ||     5
       Potion            |       |     4 ||     4
Armor: Robe              |    32 |    24 ||    56
       Leather armour    |       |    24 ||    24
Dodge: Dodged            |    62 |   110 ||   172
